 Dungeon Crawl Stone Soup version 0.17-a0-915-g8914353 (webtiles) character file.

65 Lathuz the Sneak (level 3, 16/16 HPs)
             Began as a Spriggan Enchanter on May 4, 2015.
             Quit the game on level 2 of the Dungeon.
             The game lasted 00:14:26 (2380 turns).

Lathuz the Sneak (Spriggan Enchanter)               Turns: 2380, Time: 00:14:27

Health: 16/16      AC:  3    Str:  4    XL:     3   Next: 94%
Magic:  6/8        EV: 18    Int: 17    God:
Gold:   55         SH:  0    Dex: 16    Spells: 2 memorised, 4 levels left

rFire  . . .     SeeInvis +     p - +0 short sword (venom)
rCold  . . .     Clarity  .     b - +1 robe
rNeg   . . .     SustAb   .     (shield restricted)
rPois  .         Gourm    .     (helmet restricted)
rElec  .         Spirit   .     (no cloak)
rCorr  .         Warding  .     (gloves unavailable)
rMut   .         Stasis   .     (boots unavailable)
MR     .....                    (no amulet)
Stlth  ++++......               (no ring)
                                (no ring)

@: very quick, not resistant to hostile enchantments, stealthy
A: unfitting armour, see invisible, herbivore 3, speed 3, slow metabolism 2
a: no special abilities


You were on level 2 of the Dungeon.
You were very hungry.

You visited 1 branch of the dungeon, and saw 2 of its levels.

You collected 55 gold pieces.

Inventory:

Hand weapons
 a - a +1 dagger
 p - a +0 short sword of venom (weapon)
 q - a cursed -3 short sword
Missiles
 g - 56 stones (quivered)
Armour
 b - a +1 robe (worn)
Jewellery
 n - an uncursed ring of poison resistance {unknown}
Scrolls
 e - a scroll of noise {unknown}
 f - a scroll of identify {unknown}
 j - a scroll of enchant armour {unknown}
 k - a scroll of fog {unknown}
 l - a scroll of random uselessness {unknown}
 o - a scroll of remove curse {unknown}
Potions
 h - a potion of mutation {unknown}
 i - a potion of might {unknown}
 m - a potion of invisibility {unknown}
Books
 c - a book of Maledictions

   Spells                             Type                      Level
   a - Corona                         Hexes                        1
   b - Ensorcelled Hibernation        Hexes/Ice                    2
   c - Confuse                        Hexes                        3
   d - Tukima's Dance                 Hexes                        3
   e - Dazzling Spray                 Conjuration/Hexes            3
Comestibles
 d - a bread ration


   Skills:
 * Level 3.1 Short Blades
 - Level 3.0 Dodging
 + Level 5.7 Stealth
 - Level 2.6 Spellcasting
 - Level 3.8 Hexes


You had 4 spell levels left.
You knew the following spells:

 Your Spells              Type           Power        Failure   Level  Hunger
a - Corona                Hex            ###....      3%          1    #......
b - Ensorcelled Hibernat  Hex/Ice        #.....       14%         2    ##.....


Dungeon Overview and Level Annotations

Branches:
Dungeon (2/15)

Altars:


Innate Abilities, Weirdness & Mutations

You are tiny and cannot use many weapons and most armour.
You have supernaturally acute eyesight.
You are a herbivore.
You cover ground extremely quickly.
You need consume almost no food.


Message History

A kobold comes into view.
It is wielding an enchanted short sword.
The kobold shouts!
Casting: Ensorcelled Hibernation
Confirm with . or Enter, or press ? or * to list all spells.
Aiming: Ensorcelled Hibernation
Press: ? - help, Shift-Dir - straight line, f - kobold
Aim: a kobold, wielding an enchanted short sword (chance 57%)
The kobold looks drowsy...
Unknown command.
The helpless kobold fails to defend itself.
You puncture the kobold!
You kill the kobold!
Things that are here:
an enchanted short sword; a kobold corpse
q - an enchanted short sword A bat comes into view.
Saving game... please wait.
Welcome back, Lathuz the Spriggan Enchanter.
Press ? for a list of commands and other information.
Are you sure you want to abandon this character and quit the game? (Confirm with "yes".)

#...................†..
#.......#...#...#...†#.
#......................
#......................
#......................
#......###.#..#.#......
###.#..[.............#.
#†######.###.........
#...@........ ...
########....b .


You could see a bat (sleeping).

Vanquished Creatures
  An adder (D:2)
  4 giant geckos (D:1)
  5 bats
  A giant cockroach (D:1)
  8 hobgoblins
  6 jackals (D:1)
  9 kobolds
  3 giant newts (D:1)
  6 goblins (D:1)
  6 rats
49 creatures vanquished.

Notes
Turn   | Place    | Note
--------------------------------------------------------------
     0 | D:1      | Lathuz, the Spriggan Enchanter, began the quest for the Orb.
     0 | D:1      | Reached XP level 1. HP: 9/9 MP: 5/5
   485 | D:1      | Reached skill level 5 in Stealth
   485 | D:1      | Reached XP level 2. HP: 5/13 MP: 6/6
  1032 | D:1      | Learned a level 2 spell: Ensorcelled Hibernation
  1247 | D:1      | Reached XP level 3. HP: 14/16 MP: 8/8
  2380 | D:2      | Quit the game

Action                   || total
-------------------------++-------
Melee: Dagger            ||   112
       Short sword       ||    10
Throw: Stone             ||    13
 Cast: Ensorcelled Hiber ||    29
 Stab: Sleeping          ||    29
